Cogmind - Beta 13 @@@ ROGUE MODE // 2024.04.01 @ 23:02:16 Player: ebo Result: Destroyed by H-55 Commando with Assault Rifle Performance ------------- Evolutions (2) 1000 Regions Visited (4) 800 Robots Destroyed (20) 100 Value Destroyed (418) 418 Prototype IDs (0) 0 Alien Tech Used (0) 0 Bonus (0) 0 TOTAL SCORE: 2318 Bonus ------- None Cogmind --------- Core Integrity 0/550 Matter 261/300 Energy 100/100 System Corruption 0% Temperature Cool (0) Movement Core (300) Ox5 Location -8/Materials Parts ------- > --- POWER (2) -------- (None) > --- PROPULSION (2) --- (None) > --- UTILITY (5) ------ Small Storage Unit Medium Storage Unit Improved Power Shielding > --- WEAPON (2) ------- (None) > --- INVENTORY (10) --- (None) Peak State ------------ > --- POWER ------------ Light Ion Engine Deuterium Engine > --- PROPULSION ------- Light Treads > --- UTILITY ---------- Small Storage Unit Small Storage Unit Medium Storage Unit Sensor Array Utility Shielding > --- WEAPON ----------- Shock Rifle Light Assault Rifle > --- INVENTORY -------- Ion Engine Aluminum Leg Heat Sink Improved Power Shielding Shock Rifle Spread Laser Assault Rifle [Rating: 15] Favorites ----------- Power Ion Engine Engine Ion Engine Propulsion Light Treads Treads Light Treads Leg Aluminum Leg Utility Medium Storage Unit Device Sensor Array Storage Medium Storage Unit Protection Utility Shielding Weapon Light Assault Rifle Energy Gun Medium Laser Ballistic Gun Light Assault Rifle Build | -11 -10 -10 -9 -8 ------- Run | Yrd Mat Min Mat Mat Slots Evolved 4 | . . . 2 2 Power 1 | . . . 1 . Propulsion . | . . . . . Utility 3 | . . . 1 2 Weapon . | . . . . . Parts Attached 32 | 6 4 2 9 11 Power 6 | 1 . . 3 2 Engine 6 | 1 . . 3 2 Core . | . . . . . Reactor . | . . . . . Propulsion 7 | 2 . 2 2 1 Treads 4 | 2 . . 2 . Leg 3 | . . 2 . 1 Wheel . | . . . . . Hover . | . . . . . Flight . | . . . . . Utility 9 | 1 2 . 2 4 Device 2 | . . . 1 1 Storage 4 | 1 1 . . 2 Processor . | . . . . . Hackware . | . . . . . Protection 3 | . 1 . 1 1 Artifact . | . . . . . Weapon 10 | 2 2 . 2 4 Energy Gun 5 | 1 1 . . 3 Energy Cannon . | . . . . . Ballistic Gun 5 | 1 1 . 2 1 Ballistic Cannon . | . . . . . Launcher . | . . . . . Special Weapon . | . . . . . Impact Weapon . | . . . . . Slashing Weapon . | . . . . . Piercing Weapon . | . . . . . Special Melee Weapon . | . . . . . Unidentified Prototypes . | . . . . . Parts Lost 21 | . 1 2 1 17 Power 4 | . . . . 4 Propulsion 5 | . . 2 . 3 Utility 4 | . . . . 4 Weapon 8 | . 1 . 1 6 Highest Loss Streak 17 | . 1 2 1 17 To Critical Strikes . | . . . . . Average Slot Usage (%) 93 | . 97 99 98 57 Engine 15 | . 14 14 22 6 Treads 14 | . 28 4 6 5 Leg 9 | . . 23 15 . Device 3 | . . . 10 4 Storage 14 | . 14 14 11 25 Protection 11 | . 11 14 11 6 Energy Gun 10 | . 14 14 7 . Ballistic Gun 13 | . 14 14 13 7 Naked Turns . | . . . . . Heaviest Build 30 | 14 19 19 21 30 Greatest Support 40 | 40 40 40 40 40 Greatest Overweight (x) 8 | . . . 1 8 Average Overweight (x) . | . . . . 2 Largest Inventory Capacity 10 | 8 10 10 10 10 Average Capacity 9 | 7 9 10 10 10 Most Carried 10 | 4 10 10 10 9 Average Carried 7 | 2 8 9 9 3 Final Capacity 10 | 8 10 10 10 10 Final Carried 10 | 3 10 9 10 . Class Distribution -------------------- 87% | Mutant 12% | Scavenger-Mutant Dominant Class ---------------- Mutant | -10/Materials Mutant | -10/Mines Mutant | -9/Materials Mutant | -8/Materials Resources | -11 -10 -10 -9 -8 ----------- Run | Yrd Mat Min Mat Mat Matter Collected 420 | 204 120 26 60 10 Remotely . | . . . . . Salvage Created 533 | . 191 42 146 154 Parts 35 | . 10 3 12 10 Haulers Intercepted . | . . . . . Recyclers Shooed 1 | . . . . 1 Parts Field Recycled . | . . . . . Retrieved Matter . | . . . . . Parts Self-Destructed . | . . . . . Prevented . | . . . . . Kills | -11 -10 -10 -9 -8 ------- Run | Yrd Mat Min Mat Mat Combat Hostiles Destroyed 20 | . 6 3 6 5 Guns 20 | . 6 3 6 5 Classes Destroyed 4 | . 2 . 1 1 Swarmer 13 | . 3 3 4 3 Grunt 5 | . 3 . 1 1 Duelist 1 | . . . . 1 Sentry 1 | . . . 1 . Best Kill Streak 5 | . 2 2 4 5 Combat Bots Only 5 | . 2 2 4 5 Max Kills in Single Turn 1 | . 1 1 1 1 Gunslinging . | . . . . . Exploded . | . . . . . Melee . | . . . . . Uniques/NPCs Destroyed . | . . . . . Combat | -11 -10 -10 -9 -8 -------- Run | Yrd Mat Min Mat Mat Hostile Shots Fired 327 | . 67 27 42 191 Missed 81 | . 20 4 13 44 Damage Taken 2977 | . 481 173 301 2022 Core 695 | . 76 30 28 561 Absorbed by Shields . | . . . . . Redirected to Shielding 61 | . 9 . 8 44 Core Remaining (%) 83 | 100 . 57 93 . Volleys Fired 81 | 1 31 14 15 20 Largest 2 | 1 2 2 2 2 Hottest 85 | 50 70 70 70 85 Shots Fired 135 | 1 46 28 27 33 Gun 135 | 1 46 28 27 33 Cannon . | . . . . . Launcher . | . . . . . Special . | . . . . . Kinetic 82 | . 31 14 15 22 Thermal 49 | 1 15 14 12 7 Explosive . | . . . . . Electromagnetic 4 | . . . . 4 Robot Hit Streak 17 | . 12 5 5 17 Robot Miss Streak 7 | . 3 6 4 7 Penetration Max . | . . . . . Secondary Targets 2 | . 1 . 1 . Max Gunslinging Chain 1 | . 1 . 1 . Shots Hit Robots 89 | . 31 12 18 28 Core Hits 44 | . 14 4 9 17 Critical Kills 1 | . . 1 . . Critical Parts Destroyed . | . . . . . Critical Strikes 4 | . 1 3 . . Burn 3 | . 1 2 . . Destroy 1 | . . 1 . . Melee Attacks . | . . . . . Impact . | . . . . . Slashing . | . . . . . Piercing . | . . . . . Sneak Attacks . | . . . . . Combat Hostiles . | . . . . . Follow-up Attacks . | . . . . . Damage Inflicted 912 | . 293 145 176 298 Guns 908 | . 293 145 176 294 Cannons . | . . . . . Explosions . | . . . . . Melee . | . . . . . Ramming 4 | . . . . 4 Kinetic 477 | . 192 47 75 163 Thermal 365 | . 101 98 101 65 Explosive . | . . . . . Electromagnetic 66 | . . . . 66 Impact . | . . . . . Slashing . | . . . . . Piercing . | . . . . . Highest Corruption . | . . . . . Average Corruption . | . . . . . Corruption Purged . | . . . . . Corruption Blocked . | . . . . . Overload Shots . | . . . . . Overflow Damage . | . . . . . Projectiles . | . . . . . Explosions . | . . . . . Melee . | . . . . . Knockbacks . | . . . . . Impact . | . . . . . Kinetic . | . . . . . Secondary . | . . . . . Self-Inflicted Damage 1 | . . . . 1 Shots . | . . . . . Rammed 2 | . . . . 2 Targets Rammed 2 | . . . . 2 Kicked . | . . . . . Crushed . | . . . . . Highest Temperature 258 | 10 258 170 125 77 Average Temperature 70 | 7 92 91 54 26 Received Heat Transfer 702 | . 204 . 75 423 Effects 2 | . 2 . . . Interference 2 | . 2 . . . Siege Activations . | . . . . . Robots Corrupted . | . . . . . Combat Hostiles . | . . . . . Parts Fried . | . . . . . Impact Corruptions . | . . . . . Robots Melted . | . . . . . Combat Hostiles . | . . . . . Parts Melted 1 | . 1 . . . Heat Transferred 1190 | . 370 444 296 80 Parts Sabotaged . | . . . . . Parts Stolen . | . . . . . Parts Stripped . | . . . . . Power Chain Reactions . | . . . . . Alert | -11 -10 -10 -9 -8 ------- Run | Yrd Mat Min Mat Mat Peak Influence 190 | . 160 85 190 79 Initial 79 | . . 5 33 79 Average 63 | . 53 71 101 47 Maximum Alert Level . | . . . . . Low Security (%) 100 | 100 100 100 100 100 Level 1 . | . . . . . Level 2 . | . . . . . Level 3 . | . . . . . Level 4 . | . . . . . Level 5 . | . . . . . High Security . | . . . . . Max Security . | . . . . . Squads Dispatched 4 | . 2 . 1 1 Investigation 1 | . . . 1 . Extermination . | . . . . . Reinforcement 3 | . 2 . . 1 Assault . | . . . . . Garrison . | . . . . . Intercept . | . . . . . Searches Triggered . | . . . . . Construction Impeded . | . . . . . Haulers Reinforced . | . . . . . Active Scanning Responses . | . . . . . Cargo Convoy Interrupts . | . . . . . Stealth | -11 -10 -10 -9 -8 --------- Run | Yrd Mat Min Mat Mat Distress Signals . | . . . . . Communications Jammed . | . . . . . Distress Signals . | . . . . . Times Spotted 32 | . 11 5 7 9 Peak Tracking Total 7 | . 4 2 4 7 Tactical Retreats 2 | . . 2 . . Traps | -11 -10 -10 -9 -8 ------- Run | Yrd Mat Min Mat Mat Traps Triggered . | . . . . . Indirectly . | . . . . . Trap Hack Attempts . | . . . . . Triggered . | . . . . . Disarmed . | . . . . . Reprogrammed . | . . . . . Reused . | . . . . . Traps Extracted . | . . . . . Installed . | . . . . . Triggered . | . . . . . Machines | -11 -10 -10 -9 -8 ---------- Run | Yrd Mat Min Mat Mat Machines Disabled . | . . . . . Max in Single Turn . | . . . . . Machines Repaired . | . . . . . Machines Dismantled . | . . . . . Machines Sabotaged . | . . . . . Overloaded Fab Kills . | . . . . . Hacking | -11 -10 -10 -9 -8 --------- Run | Yrd Mat Min Mat Mat Machines Accessed 5 | . 3 . 2 . Terminals 3 | . 3 . . . Fabricators . | . . . . . Repair Stations . | . . . . . Recycling Units 1 | . . . 1 . Scanalyzers 1 | . . . 1 . Garrison Access . | . . . . . Total Hacks 12 | . 6 . 6 . Successful 8 | . 4 . 4 . Failed 4 | . 2 . 2 . Catastrophic . | . . . . . Database Lockouts . | . . . . . Manual 1 | . . . 1 . Terminals 6 | . 6 . . . Fabricators . | . . . . . Repair Stations . | . . . . . Recycling Units 3 | . . . 3 . Scanalyzers 3 | . . . 3 . Garrison Access . | . . . . . Terminal Hacks 4 | . 4 . . . Record 1 | . 1 . . . Alert Level 1 | . 1 . . . Unreport Threat 1 | . 1 . . . Zone Layout 1 | . 1 . . . Fabricator Hacks . | . . . . . Repair Station Hacks . | . . . . . Recycling Unit Hacks 2 | . . . 2 . Process 1 | . . . 1 . Retrieve Matter 1 | . . . 1 . Scanalyzer 2 | . . . 2 . Insert Component 1 | . . . 1 . Analyze 1 | . . . 1 . Garrison Access Hacks . | . . . . . Unauthorized Hacks . | . . . . . Terminals . | . . . . . Fabricators . | . . . . . Repair Stations . | . . . . . Recycling Units . | . . . . . Scanalyzers . | . . . . . Garrison Access . | . . . . . Data Cores Recovered . | . . . . . Used . | . . . . . Hacking Detections 3 | . 2 . 1 . Full Trace Events 1 | . . . 1 . Feedback Events . | . . . . . Feedback Blocked . | . . . . . Robot Schematics Acquired . | . . . . . Robots Built . | . . . . . Authchips . | . . . . . Time . | . . . . . Total Robot Build Rating . | . . . . . Part Schematics Acquired 1 | . . . 1 . Parts Built . | . . . . . Authchips . | . . . . . Time . | . . . . . Total Part Build Rating . | . . . . . Parts Repaired . | . . . . . Time . | . . . . . Parts Recycled . | . . . . . Recycled Matter 67 | . . . 67 . Retrieved Matter 67 | . . . 67 . Retrieved Components . | . . . . . Parts Scanalyzed 1 | . . . 1 . Part Schematics Acquired 1 | . . . 1 . Parts Damaged . | . . . . . Bothacking | -11 -10 -10 -9 -8 ------------ Run | Yrd Mat Min Mat Mat Used RIF Installer . | . . . . . Robots Hacked . | . . . . . Non-combat . | . . . . . Combat . | . . . . . Robot Hacks Applied . | . . . . . Relay Couplers Released . | . . . . . Fabnet Peak Effective % . | . . . . . Robots Rewired . | . . . . . Allies Hacked . | . . . . . Hacks Repelled . | . . . . . Allies | -11 -10 -10 -9 -8 -------- Run | Yrd Mat Min Mat Mat Total Allies . | . . . . . Largest Group . | . . . . . Highest-Rated Group . | . . . . . Highest-Rated Ally . | . . . . . Total Orders . | . . . . . Ally Attacks . | . . . . . Total Damage . | . . . . . Kills . | . . . . . Allies Corrupted . | . . . . . Allies Melted . | . . . . . Intel | -11 -10 -10 -9 -8 ------- Run | Yrd Mat Min Mat Mat Robot Analysis Total . | . . . . . Derelict Logs Recovered 1 | . . 1 . . Drone Launches . | . . . . . Drone Recoveries . | . . . . . Exploration | -11 -10 -10 -9 -8 ------------- Run | Yrd Mat Min Mat Mat Turns Passed 1427 | 111 537 277 351 151 Spaces Moved 686 | 60 239 193 160 34 Core 22 | 6 . . . 16 Treads 378 | 54 239 9 58 18 Legs 286 | . . 184 102 . Wheels . | . . . . . Hover . | . . . . . Flight . | . . . . . Fastest Speed 50 | 50 160 120 120 160 Average Speed 156 | 149 160 121 176 245 Slowest Speed 450 | 160 160 160 190 450 Overloaded Moves . | . . . . . Propulsion Burnouts . | . . . . . Robots Hopped . | . . . . . Cave-ins Triggered . | . . . . . Exploration Rate (%) 25 | 4 39 57 21 8 Regions Visited 4 Branch Regions 1 Pre-discovered Areas 1 | . . 1 . . Known Exits Taken . | . . . . . Unknown Exits Taken 4 | 1 1 1 1 . Scrap Searched . | . . . . . Spaces Dug . | . . . . . Terrain Destroyed . | . . . . . Melee . | . . . . . Projectile . | . . . . . AOE . | . . . . . Terrain Rammed . | . . . . . Walls Destroyed . | . . . . . Machines Disabled . | . . . . . Actions | -11 -10 -10 -9 -8 --------- Run | Yrd Mat Min Mat Mat Total 916 | 81 353 209 205 68 Wait 82 | 6 69 . 7 . Move 682 | 59 238 192 159 34 Hop . | . . . . . Pick Up 30 | 9 10 1 9 1 Fast Attach . | . . . . . Attach 25 | 6 2 2 4 11 Detach 1 | . . . 1 . Swap 7 | . 2 . 5 . Drop 6 | . 1 . 5 . Fire 81 | 1 31 14 15 20 Melee . | . . . . . Ram 2 | . . . . 2 Kick . | . . . . . Crush . | . . . . . Escape Stasis . | . . . . . Rewire . | . . . . . Trap . | . . . . . Miscellaneous . | . . . . . Route ------- -11/Scrapyard -10/Materials -10/Mines -9/Materials -8/Materials History --------- Turn | Location | Event 2 | -11/Scrapyard | Met Revision 17 3 | -11/Scrapyard | Discovered new exit (range 15) 112 | -11/Scrapyard | Entered Materials 308 | -10/Materials | Build established: Mutant 347 | -10/Materials | Discovered new exit (range 9) 649 | -10/Materials | Entered Mines 790 | -10/Mines | Learned location of Mines (-9) 921 | -10/Mines | Discovered new exit (range 4) 926 | -10/Mines | Entered Materials 926 | -9/Materials | Evolved 2 slots: Power x1, Utility x1 1240 | -9/Materials | Discovered new exit (range 4) 1277 | -9/Materials | Entered another Materials area 1277 | -8/Materials | Evolved 2 slots: Utility x2 1363 | -8/Materials | Core integrity fell below 50% 1390 | -8/Materials | Core integrity fell below 20% 1422 | -8/Materials | Lost 17 parts (4p3n4u6w) 1428 | -8/Materials | Destroyed by H-55 Commando with Assault Rifle Last Messages --------------- R-06 Scavenger collects Lgt. Assault Rifle. Slug penetrates Wall. R-06 Scavenger collects Flight Unit. Critical hit (Burn: +37). Slug penetrates Wall. Penetrated by Slug. Sml. Storage Unit destroyed. O-16 Technician: "IFF HANDSHAKE FAILED. SECURING TERMINAL." O-16 Technician uses terminal to summon reinforcements. ALERT: Hostiles spotted, dispatching reinforcements to Terminal M005. O-16 Technician locks terminal. Slug penetrates Processing Tank. Processing Tank disabled. Slammed into O-16 Technician. Slug penetrates Processing Tank. Slammed into G-47 Trooper. Slug penetrates Processing Tank. Map ----- +----------------------------------------------------+ | ???????????# #?????????????? | | ???????????# #?????????????? | | ???????????# #?????????????? | | ???????????# """ #?????????????? | | ???????????# """ #?????????????? | | ???????????# """ #?????????????? | | ???????????##+#####?????????????? | | ??????????### ##????????????????? | | ??????????# ###########??????? | | ??????????+ ????? | | ??????????# = ????? | | ??????????#[% """ ^ ???? | | ??????????# "R" * ! ???? | | ??????????# " ""?????? | | ?????#+####%*%= = ! ""?????? | | ?????# = = % ""?????? | | ?????# ???? | | ?????## ### ???? | | #######+### #####???? | | # # #???????? | | # """ "" # #???????? | | # """ "" # """"""" #???????? | | # """ "" # """"""" #???????? | | # """ """ # """"""" #???????? | | # """h "" + """?????? ???????? | | # @ # ""???????? ??????? | | # "T" g # ?????????????????? | | ############ ?????????????????? | | ???????????# ?????????????????? | | ???????????? ?????????????????? | | ???????????? ?????????????????? | | ????????????????????????????????? | | ????????????????????????????????? | | ????????????????????????????????? | | ????????????????????????????????? | | ????????????????????????????????? | | ????????????????????????????????? | | ????????????????????????????????? | | ????????????????????????????????? | | ????????????????????????????????? | | ????????????????????????????????? | | ????????????????????????????????? | | ????????????????????????????????? | | ????????????????????????????????? | | ????????????????????????????????? | | ????????????????????????????????? | | ????????????????????????????????? | | | | | | | +----------------------------------------------------+ Best States ------------- Heat Dissipation 31 Energy Generation 15 Energy Capacity 275 Matter Stores 300 Matter Capacity 300 Sight Range 16 Robot Scan Range 14 Terrain Scan Density 10 Power Shielding 66 Utility Shielding 33 Evasion (%) 55 Recoil Reduction 2 Item Schematics ----------------- Sml. Storage Unit | -9/Materials | Scanalyzed Robot Schematics ------------------ None Fabricated ------------ Nothing Alien Tech Used ----------------- None Achievements -------------- None Challenges ------------ None Game ------ Seed WardroneAntigravDoublenader Manual? 0 Play Time 00:15:53 Cumulative 3.2 hours Start 2024.04.01 @ 22:48:45 End 2024.04.01 @ 23:02:16 Sessions 1 Manual Loads 0 Difficulty Rogue Special Mode None Game No. 6 Rogue 6 Adventurer 0 Explorer 0 Win Type - Total 0 Types 0/0/0/0/0/0/0/0/0 Lore% 3 Gallery% 9 Achievement% 9 Wizard Run 0 Options --------- Layout 1 ASCII 0 Keyboard 0 Movement Mouse Keybinds 0 Fullscreen 1 Font 24/Smallcaps Map View 50x35 Zoom Use 0% Tactical HUD 0 Map Filters NONE Filters NONE Steam 1 RUN: 9b91c9fe-73c6-4cf3-b03e-8a131ecc090e